 Dungeon Crawl Stone Soup version 0.27-a0-978-g2aa4ecdaef (webtiles) character file.

Game seed: 15154384907146248675

84 leviel the Skirmisher (level 4, -3/42 HPs)
             Began as a Minotaur Fighter on Apr 14, 2021.
             Slain by Grinder (5 damage)
             ... on level 3 of the Dungeon.
             The game lasted 00:02:05 (1553 turns).

leviel the Skirmisher (Minotaur Fighter)            Turns: 1553, Time: 00:02:06

Health: -3/42      AC:  6    Str: 21    XL:     4   Next: 23%
Magic:  3/3        EV:  7    Int:  5    God:
Gold:   96         SH: 14    Dex: 10    Spells: 3/3 levels left

rFire    . . .     SeeInvis .   a - +0 war axe
rCold    . . .     Faith    .   c - +0 kite shield
rNeg     . . .     Spirit   .   b - +0 scale mail
rPois    .         Reflect  +   (helmet restricted)
rElec    .         Harm     .   (no cloak)
rCorr    .         Rampage  .   (no gloves)
Will     .....                  (no boots)
Stlth    ..........             h - amulet of reflection
HPRegen  0.14/turn              (no ring)
MPRegen  0.08/turn              (no ring)

@: mighty
A: horns 2, retaliatory headbutt
a: no special abilities


You were on level 3 of the Dungeon.
You visited 1 branch of the dungeon, and saw 3 of its levels.

You collected 96 gold pieces.

Inventory:

Hand Weapons
 a - a +0 war axe (weapon)
Armour
 b - a +0 scale mail (worn)
 c - a +0 kite shield (worn)
Jewellery
 h - an amulet of reflection (around neck)
Scrolls
 e - a scroll of noise {unknown}
 i - 2 scrolls of identify {unknown}
 k - a scroll of brand weapon {unknown}
Potions
 d - a potion of might
 f - a potion of haste {unknown}
 g - a potion of berserk rage {unknown}
 j - a potion of ambrosia {unknown}
 l - a potion of lignification {unknown}
 m - a potion of attraction {unknown}
 n - a potion of mutation {unknown}
 o - a potion of brilliance {unknown}


   Skills:
 + Level 5.0 Fighting
 + Level 4.2 Axes
 - Level 3.6 Armour
 - Level 0.2 Dodging
 - Level 3.6 Shields


You had 3 spell levels left.
You didn't know any spells.
Your spell library was empty.

Dungeon Overview and Level Annotations

Branches:
Dungeon (3/15)

Altars:

Annotations:
D:3 Grinder


Innate Abilities, Weirdness & Mutations

You have a pair of horns on your head.
You reflexively headbutt those who attack you in melee.


Message History

There is an open door here.
Grinder comes into view.
Grinder gestures at you. You resist with significant effort.
Grinder is nearby!
Grinder gestures at you. You resist with significant effort.
Grinder gestures at you. You resist with significant effort.
You slash Grinder!
Grinder is moderately wounded.
Grinder gestures at you. Pain shoots through your body!
Grinder gestures at you. You resist with significant effort.
You closely miss Grinder.
Grinder is moderately wounded.
You block Grinder's attack.
You feel very mighty all of a sudden. You block Grinder's attack.
Your shield prevents you from hitting Grinder.
Grinder is moderately wounded.
Grinder gestures at you. Pain shoots through your body!
You block Grinder's attack.
You are too injured to fight recklessly!
You barely miss Grinder. You headbutt Grinder!
Grinder is heavily wounded.
You block Grinder's attack.
Your shield prevents you from hitting Grinder.
You headbutt Grinder!
Grinder is severely wounded.
Grinder gestures at you. You resist with significant effort. Grinder hits you.
You writhe in agony.
* * * LOW HITPOINT WARNING * * *
Your shield and scale mail prevent you from hitting Grinder.
Grinder is severely wounded.
Grinder hits you.
* * * LOW HITPOINT WARNING * * *
You writhe in agony.
You die...

.# .. .. ... # .#
# .... .# .#.#
....#####.#
###.#.#
..........# #.....
#...# #.#5######
##
#...#####.@<......
.
+...'.........####
#.#.).##..##..#.#
#.###.##......$..#
#...#.##......####
#)#.##...##.#
#......#.# .# #
#)####.#.. .#
#.......#....#..#


You could see Grinder.

Vanquished Creatures
  Terence (D:2)
  2 worms (D:2)
  2 ball pythons (D:2)
  11 bats
  4 endoplasms (D:1)
  3 giant cockroaches
  4 goblins
  5 hobgoblins
  2 jackals (D:1)
  2 quokkas (D:1)
  5 frilled lizards
  4 kobolds
  4 rats
49 creatures vanquished.

Notes
Turn   | Place    | Note
-------+----------+-------------------------------------------
     0 | D:1      | leviel the Minotaur Fighter began the quest for the Orb.
     0 | D:1      | Reached XP level 1. HP: 19/19 MP: 0/0
   133 | D:1      | Reached skill level 4 in Fighting
   133 | D:1      | Reached XP level 2. HP: 12/27 MP: 1/1
   659 | D:1      | Reached XP level 3. HP: 34/34 MP: 2/2
  1105 | D:2      | Noticed Terence
  1121 | D:2      | Killed Terence
  1122 | D:2      | Reached XP level 4. HP: 28/41 MP: 3/3
  1277 | D:2      | Found a faded altar of an unknown god.
  1280 | D:2      | Reached skill level 5 in Fighting
  1542 | D:3      | Noticed Grinder
  1553 | D:3      | HP: 2/42 [Grinder (6)]
  1553 | D:3      | Slain by Grinder

Illustrated notes

Levels and vault maps discovered:
D:1:      doesnt_arrival_eight_statues, layout_basic, minmay_fountain_box,
          minmay_tree_intersection
D:2:      layout_rooms, chequers_ecumenical_altar_simple, uniq_terence
D:3:      layout_basic, serial_shops, shop, uniq_grinder, uniq_ijyb

Skill      XL: |  1  2  3  4 |
---------------+-------------+-----
Fighting       | 4 5 |  5.0
Axes           | 3 4 |  4.2
Armour         | |  3.6
Dodging        | |  0.2
Shields        | |  3.6

Action                   |  1- 3 |  4- 6 || total
-------------------------+-------+-------++-------
Melee: War axe           |    79 |    26 ||   105
       Headbutt          |    12 |     6 ||    18
  Use: Potion            |       |     1 ||     1
Armor: Scale mail        |    20 |     6 ||    26
Dodge: Dodged            |    16 |     1 ||    17
Block: Kite shield       |    59 |    19 ||    78
       Reflection        |       |     3 ||     3

Table legend: (Time is in decaauts)
 A = Elapsed time spent in this place.
 B = Non-inter-level travel time spent in this place.
 C = Inter-level travel time spent in this place.
 D = Time resting spent in this place.
 E = Time spent auto-exploring this place.
 F = Levels seen in this place.
 G = Mean time per level.
                   A        B        C        D        E       F      G
               +--------+--------+--------+--------+--------+-----+--------+
         Total |   1611 |   1550 |     61 |      0 |   1266 |   3 |  537.0 |
       Dungeon |   1611 |   1550 |     61 |      0 |   1266 |   3 |  537.0 |
               +--------+--------+--------+--------+--------+-----+--------+

Top non-repeatable levels by time:
     D:1: 1025 daAuts
     D:2: 527 daAuts
     D:3: 58 daAuts
